Unix NetHack Version 5.0.0-0 post-release - last build Jul 19 2026 19:10:59 (3aa4ab31751d3886436d94b585a96704892fd477,branch:main).

Game began 2026-07-24 17:57:27, ended 2026-07-24 20:28:37.

Barrb, neutral female human Barbarian

                   --------------------------------------
         --------  |...................."*.....*..)......|
         |......----.-----------#------------#----------.|
          -..........|.............)...................#.|
          |.....----.|.-------------.-------*---------.|.|
        ---.....|  |.|.|...|.......|.|.....|.|/.|.`.`|.|.|
        |.....---  |.|)|...|`..|.....|(._..|.../|....|.|.|    ----
    -----.....|   --.|.|...|...|...|.|.....|.|..|...)|.|.| ---...|
  ---.|.......|   |..|.|...|...|----.|..[..|.------|--.|.|--.....-- ---
 --.........---  --..|.--.---|--.....--...--...........|.|........|...|
 |..........|-----...|..............{......%.{*........|.............--
 --.........--.|...-.|.--)---|--................[)...).|..............--
  |.--.....[.........|.|.*.|...|-|--......-----|---.--.|......).)......|
  -- ---.....<.......|.|...|...|...|....[.|.@|../|...|.#...............|
       ---------.--..#.|...|..`|`..|......+..h...|...|.|....*..........--
               ---|-.|.|./.|...|.(.|......|..|@..|...|.|................|
                  |..|.-------------......------------.|..........|.....|
                 --..|...............`.......`     `...|.....>.|.---.|.--
                 |...---------.------#------------------.---.-----  ----
                 |...........`...........................| ---
                 -----------------------------------------
Barrb the Bandit           St:16 Dx:17 Co:18 In:8 Wi:10 Ch:7  Neutral
Dlvl:6  $:0  HP:0(82) Pw:24(24) AC:7  Xp:8 T:7272  Burdened

Latest messages:
 The Green-elf hits!
 You miss the Green-elf.
 The Green-elf swings his elven broadsword.
 The Green-elf hits!
 You miss the Green-elf.
 The Green-elf swings his elven broadsword.
 The Green-elf hits!
 You smite the Green-elf!
 The Green-elf swings his elven broadsword.
 The Green-elf hits!
 You miss the Green-elf.
 The Green-elf shoots 2 elven arrows!
 You are hit by the 1st elven arrow.
 The 2nd elven arrow misses you.
 The Green-elf swings his elven broadsword.
 The Green-elf hits!
 You miss the Green-elf.
 The Green-elf swings his elven broadsword.
 The Green-elf hits!
 You smite the Green-elf.
 The Green-elf swings his elven broadsword.
 The Green-elf hits!
 What do you want to zap? [uD or ?*] D
 In what direction? .
 You materialize in a different location!
 You stop searching.
 You hear crashing rock.
 You stop searching.
 The newt just misses!
 You miss the newt.
 You kill the newt!
 You stop searching.
 You miss the killer bee.
 The killer bee misses!
 The killer bee stings!
 You kill the killer bee!
 You smite the dwarf lord.
 The dwarf lord swings his pick-axe.
 The dwarf lord hits!
 The dwarf lord swings his pick-axe.
 The dwarf lord hits again!
 You smite the dwarf lord!
 You smite the dwarf lord!
 You miss the dwarf lord.
 The dwarf lord swings his pick-axe.
 The dwarf lord hits!
 The dwarf lord swings his pick-axe.
 The dwarf lord hits again!
 You die...
 Do you want your possessions identified? [ynq] (y) q

Inventory:
 Weapons  (')')
  b - a blessed +0 axe (weapon in right hand)
  a - a rusty +0 two-handed sword (alternate weapon; not wielded)
 Armor    ('[')
  F - an uncursed +0 dwarvish iron helm (being worn)
  T - an uncursed +0 pair of leather gloves (being worn)
 Comestibles  ('%')
  m - an uncursed cream pie
  P - an uncursed lembas wafer
  w - an uncursed lizard corpse
 Scrolls  ('?')
  q - a blessed scroll of amnesia
  r - an uncursed scroll of enchant weapon
  d - an uncursed scroll of genocide
  V - an uncursed scroll of light
 Rings    ('=')
  v - an uncursed +2 ring of gain strength
  S - an uncursed ring of shock resistance
 Wands    ('/')
  u - a wand of digging (0:4)
  D - a wand of teleportation (0:3)
 Tools    ('(')
  W - a blessed bag of holding containing 3 items
  N - a +0 pick-axe
  L - an uncursed skeleton key
  p - an uncursed tallow candle
 Gems/Stones  ('*')
  o - 4 uncursed worthless pieces of white glass
  f - 2 uncursed worthless pieces of yellowish brown glass
  B - 4 uncursed flint stones
  n - 45 uncursed rocks (in quiver pouch)

Contents of the bag of holding:
  1186 gold pieces
  an uncursed potion of water
  a blessed oil lamp

Barrb the Barbarian's attributes:

Background:
 You were a Bandit, a level 8 female human Barbarian.
 You were neutral, on a mission for Crom
 who was opposed by Mitra (lawful) and Set (chaotic).
 You were right-handed.
 You were in the Gnomish Mines, on level 6.
 You entered the dungeon 7272 turns ago.
 You had 2144 experience points, 416 more were needed to attain level 9.

Basics:
 You had 0 out of 82 hit points.
 You had all 24 energy points (spell power).
 Your armor class was 7.
 Your wallet was empty, but
 you had 1186 zorkmids stashed away in your pack.
 Autopickup was off.

Final Characteristics:
 Your strength was 16 (limit:18/100).
 Your dexterity was 17 (limit:18).
 Your constitution was 18 (limit:18).
 Your intelligence was 8 (limit:18).
 Your wisdom was 10 (limit:18).
 Your charisma was 7 (limit:18).

Final Status:
 You weren't hungry.
 You were burdened; movement was slightly slowed.
 You were wielding an axe.
 You had basic skill with axe.

Final Attributes:
 You were piously aligned.
 You were poison resistant.
 You were fast.
 You are dead.

Miscellaneous:
 You didn't encounter any bones levels.
 Total elapsed playing time was 2 hours, 1 minute and 25 seconds.

Major events:
 Turn
    1: Barrb the neutral female human Barbarian entered the dungeon
  644: entered the Gnomish Mines
 1122: attained the rank of Pillager (level 3)
 2690: attained the rank of Bandit (level 6)
 4439: made her first wish - "blessed bag of holding", got "a bag"
 5582: reached Mine Town
 7272: killed by a dwarf lord

You didn't know any spells.

Skills:
 Fighting Skills
   bare handed combat [Basic]
   two weapon combat  [Unskilled]
   riding             [Unskilled]
 Weapon Skills
   dagger             [Unskilled]
   axe                [Basic]
   pick-axe           [Unskilled]
   short sword        [Unskilled]
   broadsword         [Unskilled]
   long sword         [Unskilled]
   two-handed sword   [Expert]
   saber              [Unskilled]
   club               [Unskilled]
   mace               [Unskilled]
   morning star       [Unskilled]
   flail              [Unskilled]
   hammer             [Unskilled]
   quarterstaff       [Unskilled]
   spear              [Unskilled]
   trident            [Unskilled]
   bow                [Unskilled]
 Spellcasting Skills
   attack spells      [Unskilled]
   escape spells      [Unskilled]

Voluntary challenges:
 Character rerolling was not enabled.
 You were illiterate.
 You never genocided any monsters.
 You never polymorphed an object.
 You never changed form.
 You used 1 wish.
 You did not wish for any artifacts.
Achievements:
 You entered a shop.
 You entered the Gnomish Mines.
 You attained the rank of Pillager.
 You attained the rank of Bandit.
 You entered Minetown.

 The Dungeons of Doom: levels 1 to 5
    Level 1:
    Level 2:
       A general store.
       Stairs down to The Gnomish Mines.
    Level 3:
       A general store, an altar, some fountains.
    Level 4:
    Level 5:
 The Gnomish Mines: levels 3 to 6
    Level 3:
    Level 4:
    Level 5:
    Level 6: <- You were here.
       An altar, some fountains.
       Final resting place for
          you, killed by a dwarf lord.


Vanquished creatures:
  a quivering blob
  a winter wolf cub
  6 orc-captains
  a dwarf mummy
 an owlbear
  a lizard
  2 dingoes
  a jaguar
 an ape
 20 Mordor orcs
  9 Uruk-hai
  4 orc shamans
  2 rock piercers
  a rock mole
  a yellow light
  a shrieker
  3 gnome leaders
  a kobold mummy
  a ghoul
  5 giant ants
  a little dog
  3 floating eyes
  a kitten
  8 dwarves
  a homunculus
  2 kobold leaders
  2 kobold shamans
  9 hill orcs
  a rothe
  3 dwarf zombies
  3 wererats
  a werejackal
  5 iguanas
  a killer bee
  a gas spore
  2 hobbits
  3 large kobolds
  8 giant rats
  3 cave spiders
  2 brown molds
  a yellow mold
  3 green molds
 27 gnomes
  a gnome zombie
  4 geckos
  4 jackals
  a fox
  a kobold
  4 goblins
  a sewer rat
  7 grid bugs
  3 bats
 11 lichens
  3 kobold zombies
 11 newts
205 creatures vanquished.

No species were genocided or became extinct.

Game over:
                       ----------
                      /          \
                     /    REST    \
                    /      IN      \
                   /     PEACE      \
                  /                  \
                  |      Barrb       |
                  |     1186 Au      |
                  |   killed by a    |
                  |    dwarf lord    |
                  |                  |
                  |                  |
                  |       2026       |
                 *|     *  *  *      | *
        _________)/\\_//(\/(/\)/\//\/|_)_______

Goodbye Barrb the Barbarian...

You died in The Gnomish Mines on dungeon level 6 with 9522 points,
and 1186 pieces of gold, after 7272 moves.
You were level 8 with a maximum of 82 hit points when you died.

